 Dungeon Crawl Stone Soup version 0.29-a0-923-g6e406bff71 (webtiles) character file.

Game seed: 6463413445349610109

359 xian the Ducker (level 6, 0/45 HPs)
             Began as a Djinni Gladiator on July 27, 2022.
             Slain by an iguana (13 damage)
             ... on level 4 of the Dungeon.
             The game lasted 00:10:47 (3928 turns).

xian the Ducker (Djinni Gladiator)                  Turns: 3928, Time: 00:10:48

Health: 0/45       AC:  4    Str: 18    XL:     6   Next: 98%
Gold:   222        EV: 13    Int:  9    God:
                   SH:  0    Dex: 15

rFire   + + .      SeeInvis +   h - +8 short sword of the Inquisitive Knaves {vorpal, Str+3}
rCold   x . .      Faith    .   (no shield)
rNeg    . . .      Spirit   .   b - +0 leather armour
rPois   ∞          Reflect  .   c - +0 helmet
rElec   .          Harm     .   (no cloak)
rCorr   .          Rampage  .   (no gloves)
Will    .....                   (boots unavailable)
Stlth   +.........              l - amulet of the acrobat
HPRegen 0.15/turn               s - ring of see invisible
MPRegen 0.00/turn               (no ring)

@: mighty, flying
A: sickness immunity, fire resistance 2, cold vulnerability 1, float, innate
caster, HP casting, extra vitality 1
a: no special abilities


You were on level 4 of the Dungeon.
You visited 2 branches of the dungeon, and saw 5 of its levels.
You also visited: Sewer.

You collected 222 gold pieces.

Inventory:

Hand Weapons
 h - the +8 short sword of the Inquisitive Knaves (weapon) {vorpal, Str+3}
   (You took it off a goblin on level 2 of the Dungeon)

   It inflicts extra damage upon your enemies.
   Str:       It affects your strength (+3).
 t - a +1 vorpal dagger
Missiles
 d - 3 throwing nets
 e - a javelin (quivered)
Armour
 b - a +0 leather armour (worn)
 c - a +0 helmet (worn)
 k - a +0 chain mail
Jewellery
 a - a ring of protection from cold
 l - an amulet of the acrobat (around neck)
 s - a ring of see invisible (left hand)
Wands
 g - a wand of charming (18)
 i - a wand of iceblast (14)
 n - a wand of digging (2)
Scrolls
 j - 2 scrolls of immolation
Potions
 m - 2 potions of curing
 o - 2 potions of cancellation
 q - a potion of heal wounds {unknown}


   Skills:
 + Level 2.8 Fighting
 * Level 2.5(3.3) Short Blades
 - Level 3.4(3.8) Long Blades
 + Level 1.6 Throwing
 + Level 2.2 Armour
 + Level 4.7 Dodging
 * Level 0.9 Stealth
 * Level 1.4 Spellcasting


You had 4 spell levels left.
You knew the following spells:

 Your Spells              Type           Power      Damage    Failure   Level
a - Freeze                Ice            12%        1d4       24%         1
b - Blink                 Tloc           6%         N/A       34%         2
Your spell library was empty.

Dungeon Overview and Level Annotations

Branches:
Dungeon (4/15)             Temple (1/1) D:4           Sewer (visited)

Altars:
Ashenzari
Cheibriados
Dithmenos
Elyvilon
Fedhas
Nemelex Xobeh
Ru
Trog
Uskayaw
Xom
Yredelemnul
Zin
The Shining One


Innate Abilities, Weirdness & Mutations

You are immune to sickness and miasma.
You are immune to poison.
Your flesh is very heat resistant. (rF++)
You are vulnerable to cold. (rC-)
You float through the air rather than walking.
You learn spells naturally, not from books.
Your magical power is your life essence.
You have superior vitality. (+4 MHP)


Message History

Found a runed sling.
A gnoll is nearby!
The gnoll shouts!
You hear a shout!
A gnoll comes into view. It is wielding a +0 whip.
The gnoll shouts!
You hear a shout!
You hear an angry hiss.
A gnoll comes into view. It is wielding a +0 flail.
An iguana comes into view.
The iguana hisses angrily.
You hit the gnoll.
The gnoll is heavily wounded.
The gnoll completely misses you.
You hit the gnoll but do no damage.
The gnoll is heavily wounded.
A gnoll comes into view. It is wielding a +0 whip.
The gnoll hits you with a +0 whip.
The gnoll shouts!
You hit the gnoll.
The gnoll is almost dead.
The iguana barely misses you.
You closely miss the gnoll. You hit the gnoll.
The gnoll is heavily wounded.
The iguana bites you.
You barely miss the gnoll.
The gnoll is heavily wounded.
The gnoll closely misses you. The iguana bites you.
The iguana attacks as you move away! The iguana bites you!
It was a potion of might.
You feel very mighty all of a sudden. The gnoll hits you but does no damage.
You puncture the gnoll!
You kill the gnoll!
You puncture the iguana!
The iguana is heavily wounded.
The iguana bites you!
* * * LOW HITPOINT WARNING * * *
You barely miss the iguana.
The iguana is heavily wounded.
The iguana bites you!
You die...

.###..........###.###.##
#.#.##.#####.## #.# #.#
#.# #... ...# #.# #.#
#.# ############.###.# #
# .........##.##########
########..##..........#
.#... #..###########.##
......###..#### #.......
.....ggl@.....# #.###.##
......g##..##.# #.#
.#...#. #..# ####.###†##
### #. #..# ..........
#. #..# ###.###.## #.
#..# ###.#..... .. #..#
........## .. ...
)......... ##########


You could see an iguana and 3 gnolls.

Vanquished Creatures
  A sky beast (D:4)
  Pargi (Sewer)
  A hound (D:4)
  Ijyb (D:3)
  A gnoll (D:4)
  2 adders
  4 dart slugs
  5 ball pythons
  9 bats
  4 endoplasms
  5 giant cockroaches
  6 goblins
  7 hobgoblins
  13 jackals
  8 kobolds
  3 quokkas
  4 rats
75 creatures vanquished.

Notes
Turn   | Place    | Note
-------+----------+-------------------------------------------
     0 | D:1      | xian the Djinni Gladiator began the quest for the Orb.
     0 | D:1      | Reached XP level 1. HP: 18/18 MP: 0/0
   178 | D:1      | Reached XP level 2. HP: 15/23 MP: 0/0
   796 | D:1      | Reached XP level 3. HP: 28/28 MP: 0/0
   796 | D:1      | Learned a level 1 spell: Freeze
   801 | D:1      | Found a faded altar of an unknown god.
  1509 | D:2      | Reached XP level 4. HP: 25/33 MP: 0/0
  1860 | D:2      | Identified the +8 short sword of the Inquisitive Knaves
                  | {vorpal, Str+3}
  1909 | D:2      | Found a glowing golden altar of the Shining One.
  2070 | D:2      | Reached skill level 1 in Armour
  2305 | D:3      | Reached skill level 4 in Dodging
  2408 | D:3      | Found a glowing drain.
  2461 | Sewer    | Entered a sewer
  2520 | Sewer    | Noticed Pargi
  2536 | Sewer    | Killed Pargi
  2537 | Sewer    | Reached skill level 1 in Short Blades
  2537 | Sewer    | Reached skill level 1 in Spellcasting
  2537 | Sewer    | Reached XP level 5. HP: 26/39 MP: 0/0
  2537 | Sewer    | Learned a level 2 spell: Blink
  3104 | D:3      | Noticed Ijyb
  3111 | D:3      | Killed Ijyb
  3112 | D:3      | Reached XP level 6. HP: 37/45 MP: 0/0
  3500 | D:4      | Found a staircase to the Ecumenical Temple.
  3511 | Temple   | Entered the Ecumenical Temple
  3696 | D:4      | Noticed a sky beast
  3710 | D:4      | Killed a sky beast
  3928 | D:4      | Slain by an iguana

Illustrated notes

Levels and vault maps discovered:
D:1:      co_arrival_random_square_maze, layout_basic,
          shapermc_ecumenical_altar_pompeii
D:2:      layout_loops_ring, basic_altar, chequers_serial_rivers_micro_b
D:3:      layout_loops_ring, portal_sewer_entry_f, uniq_ijyb
D:4:      layout_loops_ring, minmay_temple_entry_butterflies,
          minmay_fractal_squares_gapless_5, uniq_sigmund
Temple:   dshaligram_water_room_temple

Skill      XL: |  1  2  3  4  5  6 |
---------------+-------------------+-----
Long Blades    | 3 |  3.4
Armour         | 1 2 |  2.2
Dodging        | 4 |  4.7
Short Blades   | 1 2 |  2.5
Spellcasting   | 1 |  1.4
Fighting       | |  2.8
Throwing       | |  1.6
Stealth        | |  0.9

Action                   |  1- 3 |  4- 6 || total
-------------------------+-------+-------++-------
Melee: Long sword        |   112 |     9 ||   121
       Punch             |     1 |     1 ||     2
       Short sword       |       |    94 ||    94
       Dagger            |       |    25 ||    25
  Use: Scroll            |       |    12 ||    12
       Potion            |       |     2 ||     2
 Stab: Sleeping          |       |     1 ||     1
Armor: Leather armour    |    28 |    34 ||    62
       Ring mail         |     8 |       ||     8
Dodge: Dodged            |   116 |    93 ||   209

Table legend: (Time is in decaauts)
 A = Elapsed time spent in this place.
 B = Non-inter-level travel time spent in this place.
 C = Inter-level travel time spent in this place.
 D = Time resting spent in this place.
 E = Time spent auto-exploring this place.
 F = Levels seen in this place.
 G = Mean time per level.
                   A        B        C        D        E       F      G
               +--------+--------+--------+--------+--------+-----+--------+
         Total |   3949 |   3869 |     80 |      0 |   2760 |   6 |  658.2 |
       Dungeon |   3608 |   3528 |     80 |      0 |   2593 |   4 |  902.0 |
        Temple |    139 |    139 |      0 |      0 |     59 |   1 |  139.0 |
         Sewer |    201 |    201 |      0 |      0 |    108 |   1 |  201.0 |
               +--------+--------+--------+--------+--------+-----+--------+

Top non-repeatable levels by time:
     D:1: 1423 daAuts
     D:3: 872 daAuts
     D:2: 864 daAuts
     D:4: 447 daAuts
   Sewer: 201 daAuts
  Temple: 139 daAuts
